AoeStats
← joaqo9909

Black Forest

510379186Analyzed
3v3 RM · 17h ago on Sep 30, 2026· 51m 14s· 6 players
Game mode
Random Map
Map size
Normal (6 player)
Population
200
Speed
Normal
Resources
Standard
Victory
Conquest
Starting age
Dark Age
Ending age
Imperial Age
RankedLock teamsTeams togetherTeam positionsShared explorationLock speedFull tech treeHidden civsTurbo modeCheats
Victory
Defeat
🇳🇱 Wu · Netherlands
1029
+14
🇩🇪 Teutons · Germany
940
+18
🇩🇪 Khmer · Germany
833
+23
🇫🇷 Khmer · France
1006
-19
🇦🇷 Poles · Argentina
969
-18
🇹🇷 Britons · Türkiye
969
-18
joaqo9909
11:52 Feudal Age
13:54 Loom
17:54 Castle Age
16:04 Horse Collar
22:13 Double-Bit Axe
22:30 Heavy Plow
23:36 Forging
26:11 Wheelbarrow
26:35 Iron Casting
26:05 Scale Barding Armor
27:55 Light Cavalry
29:31 Hand Cart
29:38 Bloodlines
29:30 Husbandry
30:03 Chain Barding Armor
34:10 Imperial Age
31:58 Bow Saw
34:04 Scale Mail Armor
34:24 Fortified Wall
34:17 Winged Hussar
36:29 Lechitic Legacy
38:28 Blast Furnace
50:32 Conscription
makrimonos
13:19 Feudal Age
14:45 Double-Bit Axe
21:33 Castle Age
20:13 Gold Mining
24:12 Ballistics
23:40 Crossbowman
24:20 Fletching
27:52 Padded Archer Armor
28:34 Bodkin Arrow
33:41 Gold Shaft Mining
35:07 Leather Archer Armor
39:09 Imperial Age
39:08 Yeomen
40:24 Conscription
41:54 Chemistry
42:25 Bow Saw
41:59 Horse Collar
44:06 Bracer
44:36 Ring Archer Armor
44:30 Arbalester
46:00 Wheelbarrow
45:11 Town Watch
46:34 Town Patrol
50:07 Conscription
50:15 Hand Cart
val_dutch
1:05 Loom
10:41 Feudal Age
omahaomaha
0:54 Loom
12:51 Feudal Age
18:40 Castle Age
16:44 Double-Bit Axe
17:01 Horse Collar
17:14 Gold Mining
17:22 Stone Mining
25:00 Wheelbarrow
24:29 Town Watch
26:38 Elite Skirmisher
27:46 Bow Saw
29:22 Heavy Plow
30:31 Hand Cart
34:36 Imperial Age
33:38 Town Patrol
33:33 Fletching
33:50 Scale Barding Armor
34:43 Bodkin Arrow
34:49 Padded Archer Armor
35:29 Chain Barding Armor
35:20 Forging
35:24 Bloodlines
35:50 Masonry
35:51 Fortified Wall
36:43 Chemistry
36:29 Ballistics
38:21 Plate Barding Armor
38:02 Leather Archer Armor
38:20 Crenellations
38:26 Conscription
38:52 Crop Rotation
39:24 Two-Man Saw
38:10 Cavalier
39:35 Iron Casting
39:24 Caravan
40:29 Siege Engineers
41:08 Paladin
42:16 Ironclad
43:01 Blast Furnace
42:32 Ring Archer Armor
42:03 Scale Mail Armor
42:16 Pikeman
42:56 Squires
42:42 Arson
43:45 Hoardings
42:42 Sappers
Mahone
7:08 Loom
11:12 Feudal Age
11:58 Double-Bit Axe
15:27 Castle Age
17:05 Wheelbarrow
16:32 Horse Collar
24:28 Scale Mail Armor
27:25 Heavy Plow
27:35 Town Watch
28:54 Hand Cart
29:00 Bow Saw
30:07 Squires
30:13 Fletching
30:19 Stone Mining
30:20 Gold Mining
33:45 Imperial Age
32:29 Gold Shaft Mining
32:30 Stone Shaft Mining
32:21 Ballistics
32:05 Padded Archer Armor
32:01 Bodkin Arrow
32:34 Town Patrol
33:22 Murder Holes
33:45 Leather Archer Armor
33:43 Red Cliffs Tactics
34:34 Bracer
35:37 Two-Man Saw
35:20 Conscription
35:06 Sitting Tiger
36:36 Chemistry
35:47 Masonry
35:51 Elite Fire Archer
37:26 Chain Mail Armor
37:22 Forging
36:56 Treadmill Crane
39:56 Plate Mail Armor
40:01 Iron Casting
39:59 Architecture
43:38 Caravan
50:57 Blast Furnace
Kaputthaua
1:07 Loom
16:20 Feudal Age
16:53 Horse Collar
18:28 Double-Bit Axe
18:47 Gold Mining
19:12 Scale Barding Armor
19:49 Scale Mail Armor
20:51 Bloodlines
22:37 Bloodlines
30:46 Castle Age
29:15 Forging
31:03 Light Cavalry
32:23 Chain Barding Armor
32:17 Heavy Plow
35:43 Husbandry
37:05 Iron Casting
41:25 Imperial Age
39:38 Wheelbarrow
39:44 Wheelbarrow
39:17 Town Watch
39:49 Fletching
40:00 Padded Archer Armor
41:51 Hand Cart
42:28 Caravan
47:52 Bow Saw
49:06 Plate Barding Armor
49:32 Blast Furnace
48:50 Chain Mail Armor
49:41 Blast Furnace
48:25 Elite Battle Elephant
Connection lost

Rejoining the realm…

Still unreachable

The connection could not be restored.

Session expired

The server has moved on; the page needs a fresh start.